 Dungeon Crawl Stone Soup version 0.28.0-53-g5a82cb258f (webtiles) character file.

Game seed: 8513083472812677888

35 issech the Skirmisher (level 3, -3/33 HPs)
             Began as a Minotaur Monk on June 1, 2022.
             Killed by divine providence
             ... invoked by an orc priest
              (7 damage)
             ... on level 3 of the Dungeon.
             The game lasted 00:02:38 (2012 turns).

issech the Skirmisher (Minotaur Monk)               Turns: 2012, Time: 00:02:39

Health: -3/33      AC:  2    Str: 15    XL:     3   Next: 17%
Magic:  11/11      EV: 13    Int:  7    God:
Gold:   38         SH:  0    Dex: 14    Spells: 2/2 levels left

rFire   . . .      SeeInvis .   d - +1 short sword (speed)
rCold   . . .      Faith    .   (no shield)
rNeg    . . .      Spirit   .   b - +0 robe
rPois   .          Reflect  .   (helmet restricted)
rElec   .          Harm     .   (no cloak)
rCorr   .          Rampage  .   (no gloves)
Will    .....                   (no boots)
Stlth   ++........              (no amulet)
HPRegen 0.11/turn               i - ring of magical power
MPRegen 0.12/turn               (no ring)

@: no status effects
A: horns 2, retaliatory headbutt
a: no special abilities


You were on level 3 of the Dungeon.
You visited 1 branch of the dungeon, and saw 3 of its levels.

You collected 38 gold pieces.

Inventory:

Hand Weapons
 a - a +0 hand axe
 d - a +1 short sword of speed (weapon)
 l - a +0 hand axe
 m - a +0 hunting sling
Missiles
 h - a throwing net (quivered)
 j - 80 stones
 n - 5 poisoned darts
Armour
 b - a +0 robe (worn)
Jewellery
 i - a ring of magical power (left hand)
Scrolls
 f - a scroll of holy word {unknown}
 k - a scroll of enchant armour {unknown}
 p - a scroll of enchant weapon {unknown}
Potions
 c - a potion of brilliance {unknown}
 e - 2 potions of curing {unknown}
 g - a potion of berserk rage {unknown}
 o - a potion of mutation {unknown}
 q - a potion of heal wounds {unknown}


   Skills:
 + Level 4.2 Fighting
 + Level 1.1 Short Blades
 + Level 4.0 Axes
 + Level 3.6 Dodging
 + Level 1.7 Stealth


You had 2 spell levels left.
You didn't know any spells.
Your spell library contained the following spells:

 Spells                   Type           Power      Damage    Failure   Level
 Slow                     Hex            0%         N/A       43%         1
 Confusing Touch          Hex            0%         N/A       80%         3
 Vampiric Draining        Necr           0%         2d6       80%         3


Dungeon Overview and Level Annotations

Branches:
Dungeon (3/15)

Altars:


Innate Abilities, Weirdness & Mutations

You have a pair of horns on your head.
You reflexively headbutt those who attack you in melee.


Message History

The goblin shouts!
You hit the goblin.
You kill the goblin!
j - 80 stones (gained 24)
You see here a +0 club.
q - a lumpy purple potion You now have 38 gold pieces (gained 14).
A kobold comes into view. It is wielding a +0 club.
The kobold shouts!
You barely miss the kobold. You headbutt the kobold.
You kill the kobold!
You see here a +0 club.
You see here a +0 club.
You see here a +0 club.
An orc and an orc priest come into view.
Found three stone staircases leading down.
Found a stone staircase leading up.
The orc priest shouts!
You hear a shout!
An orc comes into view. It is wielding a +0 flail. x2
The orc shouts!
An orc comes into view. It is wielding a +0 club.
The orc shouts!
The orc priest looks satisfied for a moment.
The orc hits you with a +0 flail. The orc priest barely misses you.
You hit the orc priest but do no damage.
The orc barely misses you. The orc priest hits you with a +0 whip.
The orc priest invokes the aid of Beogh against you.
Beogh smites you!
The orc priest invokes the aid of Beogh against you.
Beogh smites you!
* * * LOW HITPOINT WARNING * * *
You hit the orc. Your headbutt misses the orc.
The orc is almost dead.
The orc misses you. You furiously retaliate!
You headbutt the orc!
You kill the orc!
Things that are here:
a +0 flail; an orc corpse The orc priest mumbles some strange prayers to Beogh against you.
Beogh smites you!
You die...

#### #..# #### ##)##
#... #@o# #####...
####o#########.......
#.##....o...............
...........##...........
........##o.............
........................
................######..
..........o.##.##.).....
............o.....#####.


You could see an orc priest and 3 orcs.

Vanquished Creatures
  An adder (D:2)
  An orc (D:3)
  3 endoplasms
  5 hobgoblins
  A quokka (D:1)
  4 ball pythons
  A bat (D:1)
  A frilled lizard (D:2)
  3 goblins
  2 kobolds
  2 rats (D:1)
24 creatures vanquished.

Notes
Turn   | Place    | Note
-------+----------+-------------------------------------------
     0 | D:1      | issech the Minotaur Monk began the quest for the Orb.
     0 | D:1      | Reached XP level 1. HP: 19/19 MP: 0/0
   605 | D:1      | Reached XP level 2. HP: 27/27 MP: 1/1
   745 | D:1      | Found a faded altar of an unknown god.
  1645 | D:2      | Reached skill level 1 in Short Blades
  1645 | D:2      | Reached XP level 3. HP: 30/33 MP: 2/2
  1887 | D:2      | You fall into a shaft and drop 1 floor!
  2012 | D:3      | Killed from afar by an orc priest

Illustrated notes

Levels and vault maps discovered:
D:1:      mainiacjoe_arrival_reflecting_pool, layout_basic,
          ebering_ecumenical_altar_sacrificial
D:2:      minmay_skewed_foursquare, layout_basic
D:3:      layout_rooms, chequers_big_river, grunt_decor_clamped

Skill      XL: |  1  2 |
---------------+-------+-----
Fighting       | 4 |  4.2
Short Blades   | 1 |  1.1
Axes           | 4 |  4.0
Dodging        | |  3.6
Stealth        | |  1.7

Action                   || total
-------------------------++-------
Melee: Short sword       ||    43
       Headbutt          ||     4
       Hand axe          ||     2
       Punch             ||     1
 Stab: Sleeping          ||     2
Armor: Robe              ||     3
Dodge: Dodged            ||    25
